 Dungeon Crawl Stone Soup version 0.23-a0-143-g1adec7b (webtiles) character file.

131 CougarLife the Sneak (level 4, -7/23 HPs)
             Began as a Spriggan Assassin on Aug 31, 2018.
             Was an Initiate of Okawaru.
             Mangled by a gnoll
             ... wielding a +0 halberd
              (16 damage)
             ... on level 3 of the Dungeon.
             The game lasted 00:06:25 (1987 turns).

CougarLife the Sneak (Spriggan Assassin)            Turns: 1987, Time: 00:06:26

Health: -7/23      AC:  3    Str:  7    XL:     4   Next: 91%
Magic:  5/5        EV: 17    Int: 12    God:    Okawaru [......]
Gold:   109        SH:  0    Dex: 18    Spells: 3/3 levels left

rFire    + . .     SeeInvis +   a - +2 dagger
rCold    . . .     Gourm    .   (shield restricted)
rNeg     . . .     Faith    .   c - +0 robe
rPois    .         Spirit   .   (helmet restricted)
rElec    .         Reflect  .   d - +0 cloak
rCorr    .         Harm     .   (gloves unavailable)
MR       .....                  (boots unavailable)
Stlth    ++++......             (no amulet)
HPRegen  0.07/turn              l - ring of protection from fire
MPRegen  0.09/turn              o - ring of flight

@: very quick
A: very small, unfitting armour, see invisible, herbivore, speed 3, slow
metabolism 2
a: Renounce Religion, Evoke Flight


You were on level 3 of the Dungeon.
You worshipped Okawaru.
Okawaru was noncommittal.
You were not hungry.

You visited 1 branch of the dungeon, and saw 3 of its levels.

You collected 109 gold pieces.

Inventory:

Hand Weapons
 a - a +2 dagger (weapon)
 b - a +0 blowgun
Missiles
 e - 3 poisoned needles (quivered)
 f - 2 curare-tipped needles
Armour
 c - a +0 robe (worn)
 d - a +0 cloak (worn)
Jewellery
 l - a ring of protection from fire (left hand)
 o - a ring of flight (right hand)
Scrolls
 h - 2 scrolls of identify
 i - a scroll of enchant armour
 j - a scroll of magic mapping {unknown}
 m - 2 scrolls of remove curse
 q - a scroll of enchant weapon {unknown}
Potions
 k - a potion of ambrosia {unknown}
 n - 3 potions of lignification {unknown}
 p - a potion of haste {unknown}
Comestibles
 g - 2 rations


   Skills:
 * Level 2.9 Fighting
 * Level 3.9 Short Blades
 - Level 2.0 Throwing
 - Level 1.5 Dodging
 + Level 6.7 Stealth


You had 3 spell levels left.
You didn't know any spells.
Your spell library was empty.

Dungeon Overview and Level Annotations

Branches:
Dungeon (3/15)

Altars:
Hepliaklqana
Nemelex Xobeh
Okawaru
Qazlal
Trog
Uskayaw


Innate Abilities, Weirdness & Mutations

You are very small and have problems with some larger weapons.
You are too small for most types of armour.
You have supernaturally acute eyesight. (SInv)
You are a herbivore.
You cover ground extremely quickly.
You need to consume almost no food.


Message History

The gnoll is severely wounded.
The gnoll closely misses you.
You hit the gnoll.
The gnoll is severely wounded.
The gnoll misses you. The gnoll closely misses you.
You hit the gnoll.
You kill the gnoll!
Okawaru accepts your kill. The gnoll completely misses you.
The gnoll barely misses you.
You see here a poisoned needle.
e - a poisoned needle
e - 2 poisoned needles (gained 1)
You see here a poisoned needle.
You see here a poisoned needle.
e - 3 poisoned needles (gained 1)
The gnoll closely misses you.
The gnoll hits you from afar with a halberd!
Ouch! That really hurt!
You die...

.......... .... ....# #...
...# #..# ..#.# #... ..#
#..##..#.## #g.# #.#
#.....?.... .#).#
##.#######..........
....####....g..............
...).(....######g.........#.#
##..####.........../##.#..#.#
#... #..####.#@(..........##
#... +.....................
#.... #............##.#...#
#.... #..####.#....##.#...#
#..####..# #.#.....<.....#
#.. #..####.#.#..##.##..#
#....(.(............#
####..####.#.#..##.###.#
........# #.#.#..##.#


You could see a gnoll.

Vanquished Creatures
  Jessica (D:2)
  3 gnolls (D:3)
  An adder (D:2)
  2 worms (D:2)
  5 dart slugs
  A leopard gecko (D:1)
  2 giant cockroaches
  3 goblins
  6 hobgoblins
  2 jackals (D:3)
  6 kobolds
  A quokka (D:2)
  A ball python (D:2)
  8 bats
  3 frilled lizards (D:2)
  11 rats
56 creatures vanquished.

Notes
Turn   | Place    | Note
-------+----------+-------------------------------------------
     0 | D:1      | CougarLife the Spriggan Assassin began the quest for the
                  | Orb.
     0 | D:1      | Reached XP level 1. HP: 10/10 MP: 2/2
   324 | D:1      | Reached skill level 6 in Stealth
   329 | D:1      | Reached XP level 2. HP: 11/15 MP: 3/3
   784 | D:2      | Reached XP level 3. HP: 17/18 MP: 4/4
  1039 | D:2      | Found a faded altar of an unknown god.
  1039 | D:2      | Found a stormy altar of Qazlal.
  1046 | D:2      | Found an iron altar of Okawaru.
  1048 | D:2      | Found a sparkling altar of Nemelex Xobeh.
  1049 | D:2      | Found a bloodstained altar of Trog.
  1060 | D:2      | Became a worshipper of Warmaster Okawaru
  1333 | D:2      | Found a hide-covered altar of Uskayaw.
  1512 | D:2      | Reached XP level 4. HP: 15/23 MP: 5/5
  1524 | D:2      | Noticed Jessica
  1528 | D:2      | Killed Jessica
  1667 | D:2      | Found a hazy altar of Hepliaklqana.
  1987 | D:3      | Mangled by a gnoll

Vault maps used:
D:1:      ebering_trefoil_twist, serial_forest, infiniplex_forest_clump_medium,
          infiniplex_forest_clump_tiny, infiniplex_forest_straight_2,
          infiniplex_forest_lined_3, infiniplex_forest_end_double,
          infiniplex_forest_lined_1, minivault_26, fountainhead,
          minmay_misc_feat_four_crosses, minmay_statues_item, glass_columns_a
D:2:      lemuel_doored_altar, nicolae_overflow_crystal_walls,
          chequers_temple_overflow_minitemple, uniq_jessica
D:3:      lemuel_upstairs_altar, nicolae_ru_great_annihilating_truth,
          vehumet_crystals, kennysheep_generic_room_15

Skill      XL: |  1  2 |
---------------+-------+-----
Stealth        | 6 |  6.7
Fighting       | 2 |  2.9
Short Blades   | 3 |  3.9
Throwing       | |  2.0
Dodging        | |  1.5

Action                   |  1- 3 |  4- 6 || total
-------------------------+-------+-------++-------
Melee: Dagger            |   136 |    47 ||   183
  Use: Scroll            |     1 |     4 ||     5
 Stab: Sleeping          |    11 |     6 ||    17
Armor: Robe              |    17 |     2 ||    19
Dodge: Dodged            |    81 |    67 ||   148

Table legend:
 A = Non-vault XP
 B = Vault XP
 C = Vault XP percentage of total XP
 D = Non-vault monster count
 E = Vault monster count
 F = Vault count percentage of total count
                 A         B        C        D         E       F
            +---------+---------+-------+---------+---------+-------
      Total |     151 |      37 |  19.7 |      55 |       1 |   1.8
            +---------+---------+-------+---------+---------+-------
        D:1 |      35 |       0 |   0.0 |      21 |       0 |   0.0
        D:2 |      64 |      37 |  36.6 |      25 |       1 |   3.8
        D:3 |      52 |       0 |   0.0 |       9 |       0 |   0.0
            +---------+---------+-------+---------+---------+-------
